 Dungeon Sprint DCSS version 0.31-a0-536-ga3e2962e35 (webtiles) character file.

Game seed: 5901482909034984406

7000000 Conn the Archmage (level 24, -6/181 HPs)
             Began as a Tengu Hedge Wizard on Aug 13, 2023.
             Was the Champion of Makhleb.
             Mangled by a meat berserker
             ... wielding a +9 battleaxe
              (32 damage)
             ... in the Dungeon (Sprint VIII: "Arena of Blood").
             The game lasted 00:04:48 (70 turns).

Conn the Archmage (Tengu Hedge Wizard)                Turns: 70, Time: 00:04:49

Health: -6/181     AC:  3    Str: 21    XL:     24   Next: 28%
Magic:  23/55      EV: 30    Int: 17    God:    Makhleb [******]
Gold:   0          SH:  0    Dex: 13    Spells: 74/77 levels left

rFire   . . .        j - +∞ Axe of Woe
rCold   . . .        (shield currently unavailable)
rNeg    . . .        b - +0 robe
rPois   .            c - +0 hat
rElec   .            (no cloak)
rCorr   .            (no gloves)
SInv    .            (boots unavailable)
Will    +....        (no amulet)
Stlth   +++++++++    k - +30 ring of slaying
HPRegen 0.50/turn    (no ring)
MPRegen 0.34/turn

%: no teleportation
@: flying quickly and evasively, hasted and slowed, quick
A: beak, talons 3, nimble flight
a: Renounce Religion, Minor Destruction, Lesser Servant of Makhleb, Major
Destruction, Greater Servant of Makhleb


You were in the Dungeon.
You worshipped Makhleb.
Makhleb was exalted by your worship.
You visited 1 branch

Inventory:

Hand Weapons
 a - a +0 dagger
 j - the +∞ Axe of Woe (weapon)
   (You found it in the Dungeon)
 l - a +9 battleaxe
Armour
 b - a +0 robe (worn)
 c - a +0 hat (worn)
Jewellery
 k - a +30 ring of slaying (left hand)
Scrolls
 i - a scroll of blinking
Potions
 d - 3 potions of magic
 e - a potion of curing
 f - a potion of heal wounds
 h - a potion of berserk rage


   Skills:
 O Level 27 Fighting
 + Level 15.1(17.6) Short Blades
 + Level 15.1(17.6) Long Blades
 O Level 27 Axes
 + Level 15.1(24.2) Maces & Flails
 + Level 15.1(24.2) Polearms
 + Level 15.1(19.7) Staves
 + Level 15.1 Ranged Weapons
 + Level 13.9 Throwing
 + Level 15.1 Armour
 O Level 27 Dodging
 O Level 27 Stealth
 + Level 13.9 Shields
 + Level 15.1 Unarmed Combat
 O Level 27 Spellcasting
 O Level 27 Conjurations
 + Level 10.9 Hexes
 O Level 27 Summonings
 + Level 15.1 Necromancy
 O Level 27 Translocations
 + Level 11.8 Transmutations
 + Level 15.1 Fire Magic
 + Level 12.8 Ice Magic
 + Level 17.7 Air Magic
 + Level 10.9 Earth Magic
 + Level 13.9 Poison Magic
 O Level 27 Invocations
 + Level 13.9 Evocations
 + Level 10.9 Shapeshifting


You had 74 spell levels left.
You knew the following spells:

 Your Spells              Type           Power      Damage    Failure   Level
a - Magic Dart            Conj           100%       1d8       0%          1
b - Blink                 Tloc           100%       N/A       0%          2

Your spell library contained the following spells:

 Spells                   Type           Power      Damage    Failure   Level
 Call Imp                 Summ           100%       N/A       0%          2
 Cigotuvi's Dreadful Rot  Necr/Pois/Air  100%       N/A       0%          2
 Mephitic Cloud           Conj/Pois/Air  74%        N/A       0%          3
 Slow                     Hex            100%       N/A       1%          1


Dungeon Overview and Level Annotations

Branches:
Dungeon (1/1)

Altars:
Makhleb


Innate Abilities, Weirdness & Mutations

You have a beak for a mouth.
You have claws for feet.
Your magical nature lets you fly swiftly and evasively.


Message History

The destroyer blinks!
The large bag of meat is engulfed in blazing flames.
You hear a shout! x3
A meat beast comes into view.
You hear a shout! x3; You hear a bleat!
You hear a shout! x2
Your base Short Blades skill gained 2 levels and is now at level 15!
Your base Long Blades skill gained 2 levels and is now at level 15!
Your base Maces & Flails skill gained 2 levels and is now at level 15!
Your base Polearms skill gained 2 levels and is now at level 15!
Your base Staves skill gained 2 levels and is now at level 15!
Your Ranged Weapons skill gained 2 levels and is now at level 15!
Your Throwing skill increases to level 13!
Your Armour skill gained 2 levels and is now at level 15!
Your Shields skill increases to level 13!
Your Unarmed Combat skill gained 2 levels and is now at level 15!
Your Hexes skill increases to level 10!
Your Necromancy skill gained 2 levels and is now at level 15!
Your Transmutations skill increases to level 11!
Your Fire Magic skill gained 2 levels and is now at level 15!
Your Ice Magic skill increases to level 12!
Your Air Magic skill gained 2 levels and is now at level 17!
Your Earth Magic skill increases to level 10!
Your Poison Magic skill increases to level 13!
Your Evocations skill increases to level 13!
Your Shapeshifting skill increases to level 10!
You have reached level 24!
You feel stronger.
A demon appears!
You hear a shout! x4
A bag of meat comes into view. It is wielding a +9 war axe.
Your green death is smitten.
You hear a shout!
The dread hits your green death!
You hear a shout! x3
The destroyer hits your green death with a +9 heavy great sword!!!!!
Your green death dies!
Your green death disappears in a puff of smoke!
A meat berserker comes into view. It is wielding a +9 battleaxe.
The meat berserker hits you with a +9 battleaxe!!
You die...

.... .... ..z.
.... ... ... #§.
..# #.. ..#
.o###.. ..###..
......z###..o....
...oo..)_))2L....
.....#.O@).#.....
... #_)O._# o2. .
#..VW.# 2
....°W.O...
......###zV....
.###.. ..###. #..
..# #O. ..# .. ..


You could see a meat beast (fast), a tyrant (fast), 2 destroyers, 2 sculptors of
flesh, a large bag of meat (inner flame), 2 dreads, 3 meat berserkers and 4 bags
of meat.

Vanquished Creatures
  A hell beast (D)
  3 royal mummies (D)
  4 vampire knights (D)
  19 ogres (D)
  A two-headed ogre (D)
  A lich (D)
  2 hydras (D)
  17 orcs (D)
  4 skeletal warriors (D)
52 creatures vanquished.

Notes
Turn   | Place    | Note
-------+----------+-------------------------------------------
     0 | D        | Found the +∞ Axe of Woe
     0 | D        | Conn the Tengu Hedge Wizard began the quest for the Orb.
     0 | D        | Reached XP level 1. HP: 10/10 MP: 5/5
     1 | D        | Noticed a meat berserker
     1 | D        | Noticed a bag of meat
     3 | D        | Became a worshipper of Makhleb the Destroyer
     4 | D        | Noticed a bag of meat
     5 | D        | Killed a meat berserker
     5 | D        | Noticed a bag of meat
     6 | D        | Reached skill level 10 in Stealth
     6 | D        | Reached XP level 2. HP: 15/15 MP: 5/27
     6 | D        | Reached XP level 3. HP: 19/19 MP: 5/28
     6 | D        | Reached XP level 4. HP: 24/24 MP: 5/30
     6 | D        | Gained mutation: Your magical nature lets you fly swiftly
                  | and evasively. [Tengu growth]
     6 | D        | Reached XP level 5. HP: 28/28 MP: 5/31
     6 | D        | Reached XP level 6. HP: 32/32 MP: 5/33
     6 | D        | Reached XP level 7. HP: 36/36 MP: 5/34
     6 | D        | Reached XP level 8. HP: 41/41 MP: 5/36
     6 | D        | Reached XP level 9. HP: 45/45 MP: 5/37
     6 | D        | Reached XP level 10. HP: 50/50 MP: 5/38
     6 | D        | Reached XP level 11. HP: 54/54 MP: 5/39
     6 | D        | Reached XP level 12. HP: 59/59 MP: 5/40
     9 | D        | Noticed a meat berserker
    10 | D        | Killed a bag of meat
    10 | D        | Reached * piety under Makhleb
    10 | D        | Noticed a meat berserker
    10 | D        | Noticed a bag of meat
    11 | D        | Reached skill level 1 in Fighting
    11 | D        | Killed a bag of meat
    11 | D        | Noticed a bag of meat
    11 | D        | Noticed a meat berserker
    11 | D        | Noticed a bag of meat
    12 | D        | Reached XP level 13. HP: 65/65 MP: 6/44
    12 | D        | Killed a meat berserker
    12 | D        | Killed a meat berserker
    12 | D        | Reached ** piety under Makhleb
    12 | D        | Noticed a bag of meat
    13 | D        | Reached skill level 5 in Fighting
    13 | D        | Reached skill level 27 in Spellcasting
    13 | D        | Reached XP level 14. HP: 78/78 MP: 7/46
    13 | D        | Killed a bag of meat
    13 | D        | Noticed a bag of meat
    14 | D        | Reached XP level 15. HP: 84/84 MP: 7/47
    16 | D        | Killed a meat berserker
    17 | D        | Reached skill level 5 in Summonings
    17 | D        | Reached *** piety under Makhleb
    19 | D        | Reached XP level 16. HP: 96/96 MP: 9/48
    20 | D        | Noticed a destroyer
    22 | D        | Reached **** piety under Makhleb
    22 | D        | Noticed a meat berserker
    23 | D        | Reached skill level 10 in Fighting
    24 | D        | Reached skill level 10 in Conjurations
    24 | D        | Reached skill level 5 in Translocations
    25 | D        | Killed a destroyer
    26 | D        | Reached skill level 27 in Dodging
    26 | D        | Reached XP level 17. HP: 110/110 MP: 11/49
    26 | D        | Noticed an eight-headed meat hydra
    27 | D        | Noticed a meat berserker
    28 | D        | Killed a meat berserker
    28 | D        | Reached ***** piety under Makhleb
    28 | D        | Noticed a sculptor of flesh
    29 | D        | Reached skill level 15 in Fighting
    29 | D        | Reached skill level 27 in Axes
    29 | D        | Noticed a sculptor of flesh
    29 | D        | Noticed a large bag of meat
    30 | D        | Noticed a sculptor of flesh
    32 | D        | Learned a level 2 spell: Blink
    32 | D        | Killed a nine-headed meat hydra
    33 | D        | Reached skill level 10 in Summonings
    33 | D        | Killed a meat berserker
    33 | D        | Noticed a sculptor of flesh
    34 | D        | Reached skill level 27 in Stealth
    34 | D        | Reached XP level 18. HP: 135/135 MP: 13/50
    35 | D        | Killed a sculptor of flesh
    36 | D        | Killed a large bag of meat
    36 | D        | Killed a sculptor of flesh
    36 | D        | Noticed a meat berserker
    37 | D        | Reached skill level 27 in Fighting
    37 | D        | Reached skill level 15 in Conjurations
    37 | D        | Killed a sculptor of flesh
    38 | D        | Reached skill level 10 in Translocations
    38 | D        | Noticed a destroyer
    38 | D        | Reached ****** piety under Makhleb
    40 | D        | Killed a sculptor of flesh
    41 | D        | Reached XP level 19. HP: 97/151 MP: 15/51
    41 | D        | Noticed an accursed
    42 | D        | Killed a meat berserker
    43 | D        | Noticed an accursed
    44 | D        | Killed a destroyer
    45 | D        | Killed an accursed
    45 | D        | Noticed a meat berserker
    45 | D        | Noticed a meat berserker
    46 | D        | Reached skill level 27 in Conjurations
    46 | D        | Reached skill level 27 in Summonings
    46 | D        | Reached XP level 20. HP: 68/157 MP: 16/52
    46 | D        | Noticed a large bag of meat
    50 | D        | Noticed a meat berserker
    51 | D        | Killed a meat berserker
    52 | D        | Killed a meat berserker
    53 | D        | Noticed an accursed
    53 | D        | Noticed a tyrant
    55 | D        | Killed an accursed
    55 | D        | Noticed a meat berserker
    56 | D        | Reached skill level 27 in Invocations
    56 | D        | Reached XP level 21. HP: 155/163 MP: 19/53
    56 | D        | Noticed a meat berserker
    57 | D        | Killed a meat berserker
    57 | D        | Noticed a destroyer
    57 | D        | Noticed a meat berserker
    58 | D        | Reached skill level 27 in Translocations
    58 | D        | Noticed a meat beast
    58 | D        | Noticed a meat berserker
    58 | D        | Noticed an eight-headed meat hydra
    58 | D        | Noticed a meat berserker
    59 | D        | Killed a meat berserker
    59 | D        | Killed a destroyer
    60 | D        | Reached skill level 5 in Transmutations
    60 | D        | Reached skill level 5 in Ice Magic
    60 | D        | Reached XP level 22. HP: 169/169 MP: 20/54
    61 | D        | Reached skill level 5 in Hexes
    61 | D        | Reached skill level 5 in Earth Magic
    61 | D        | Reached skill level 5 in Shapeshifting
    61 | D        | Noticed a dread
    61 | D        | Killed an accursed
    61 | D        | Noticed a tyrant
    62 | D        | Reached skill level 10 in Short Blades
    62 | D        | Reached skill level 10 in Long Blades
    62 | D        | Reached skill level 10 in Maces & Flails
    62 | D        | Reached skill level 10 in Polearms
    62 | D        | Reached skill level 10 in Staves
    62 | D        | Reached skill level 10 in Ranged Weapons
    62 | D        | Reached skill level 10 in Armour
    62 | D        | Reached skill level 10 in Unarmed Combat
    62 | D        | Reached skill level 10 in Necromancy
    62 | D        | Reached skill level 10 in Fire Magic
    63 | D        | Noticed a large bag of meat
    63 | D        | Noticed a destroyer
    63 | D        | Noticed a destroyer
    65 | D        | Noticed a dread
    66 | D        | Reached skill level 10 in Throwing
    66 | D        | Reached skill level 10 in Shields
    66 | D        | Reached skill level 10 in Poison Magic
    66 | D        | Reached skill level 10 in Evocations
    66 | D        | Reached XP level 23. HP: 98/175 MP: 22/55
    66 | D        | Noticed a destroyer
    67 | D        | Killed a tyrant
    68 | D        | Reached skill level 10 in Ice Magic
    68 | D        | Killed a destroyer
    69 | D        | Reached skill level 10 in Transmutations
    69 | D        | Reached skill level 15 in Air Magic
    69 | D        | Killed a meat beast
    69 | D        | Noticed a meat beast
    70 | D        | Reached skill level 15 in Short Blades
    70 | D        | Reached skill level 15 in Long Blades
    70 | D        | Reached skill level 15 in Maces & Flails
    70 | D        | Reached skill level 15 in Polearms
    70 | D        | Reached skill level 15 in Staves
    70 | D        | Reached skill level 15 in Ranged Weapons
    70 | D        | Reached skill level 15 in Armour
    70 | D        | Reached skill level 15 in Unarmed Combat
    70 | D        | Reached skill level 10 in Hexes
    70 | D        | Reached skill level 15 in Necromancy
    70 | D        | Reached skill level 15 in Fire Magic
    70 | D        | Reached skill level 10 in Earth Magic
    70 | D        | Reached skill level 10 in Shapeshifting
    70 | D        | Reached XP level 24. HP: 36/181 MP: 23/55
    70 | D        | Mangled by a meat berserker

Illustrated notes

Levels and vault maps discovered:
D:        meatsprint

Skill      XL: |  1  2  3  4  5  6  7  8  9 10 11 12 13 14 15 16 17 18 19 20 21 22 23 |
---------------+----------------------------------------------------------------------+-----
Dodging        | 12 14 20 21 25 27 | 27.0
Stealth        | 10 11 16 17 20 22 27 | 27.0
Spellcasting   | 23 26 27 | 27.0
Conjurations   | 4 7 9 10 13 19 27 | 27.0
Summonings     | 3 4 6 8 11 17 27 | 27.0
Translocations | 2 3 4 5 7 12 20 24 27 | 27.0
Fighting       | 1 5 6 9 13 22 27 | 27.0
Axes           | 3 11 13 19 25 27 | 27.0
Invocations    | 27 | 27.0
Short Blades   | 6 11 15 | 15.1
Long Blades    | 6 11 15 | 15.1
Maces & Flails | 6 11 15 | 15.1
Polearms       | 6 11 15 | 15.1
Staves         | 6 11 15 | 15.1
Ranged Weapons | 6 11 15 | 15.1
Throwing       | 6 10 13 | 13.9
Armour         | 6 11 15 | 15.1
Shields        | 6 10 13 | 13.9
Unarmed Combat | 6 11 15 | 15.1
Hexes          | 4 7 10 | 10.9
Necromancy     | 6 11 15 | 15.1
Transmutations | 5 8 11 | 11.8
Fire Magic     | 6 11 15 | 15.1
Ice Magic      | 5 9 12 | 12.8
Air Magic      | 8 13 17 | 17.7
Earth Magic    | 4 7 10 | 10.9
Poison Magic   | 6 10 13 | 13.9
Evocations     | 6 10 13 | 13.9
Shapeshifting  | 4 7 10 | 10.9

Action                     |  1- 3 |  4- 6 |  7- 9 | 10-12 | 13-15 | 16-18 | 19-21 | 22-24 || total
---------------------------+-------+-------+-------+-------+-------+-------+-------+-------++-------
  Melee: Executioner's axe |     1 |       |       |     2 |     5 |    11 |    10 |     8 ||    37
 Invoke: Greater Servant o |       |       |       |       |       |       |       |     1 ||     1
    Use: Potion            |       |       |       |       |       |       |     1 |       ||     1
  Dodge: Dodged            |       |       |       |       |       |       |     1 |     1 ||     2

Table legend: (Time is in decaauts)
 A = Elapsed time spent in this place.
 B = Non-inter-level travel time spent in this place.
 C = Inter-level travel time spent in this place.
 D = Time resting spent in this place.
 E = Time spent auto-exploring this place.
 F = Levels seen in this place.
 G = Mean time per level.
                   A        B        C        D        E       F      G
               +--------+--------+--------+--------+--------+-----+--------+
         Total |     65 |     65 |      0 |      0 |      0 |   1 |   65.0 |
       Dungeon |     65 |     65 |      0 |      0 |      0 |   1 |   65.0 |
               +--------+--------+--------+--------+--------+-----+--------+

Top non-repeatable levels by time:
       D: 65 daAuts
